Map: [ESL] Gresvan

Players

Cure

  • Race: Terran Terran

Dark - Winner!

  • Race: Zerg Zerg

Event: IEM Katowice 2023

VOD

Have the link to the VOD?

Description

Time

  • Played on: Feb. 9, 2023, 5:56 a.m.
  • Length: 35:42

All games in this series

Show
View Real Time Build Order
Export as new Build Order

Cure Terran 

Build Orders: Command Center First (CC), Hellion Banshee 

Get SALT Encoding   

  12  0:00  SCV  
  13  0:12  SCV  
  14  0:16  Supply Depot  
  14  0:24  SCV  
  15  0:38  SCV  
  16  0:50  SCV  
  17  0:57  Command Center  
  17  1:02  SCV  
  18  1:11  Barracks  
  18  1:15  SCV  
  19  1:20  Refinery  
  19  1:27  SCV  
  19  1:28  Refinery  
  20  1:39  SCV  
  21  1:51  SCV  
  22  1:58  Marine  
  23  2:03  Orbital Command  
  23  2:08  Factory  
  23  2:11  Orbital Command  
  23  2:17  Barracks Reactor  
  23  2:29  SCV  
  25  2:37  SCV  
  25  2:41  SCV  
  26  2:49  SCV  
  27  2:52  Starport  
  27  2:53  SCV, Supply Depot  
  28  2:59  Barracks Tech Lab, Hellion x2  
  28  3:02  SCV  
  33  3:05  SCV  
  34  3:14  SCV  
  34  3:18  SCV  
  36  3:20  Hellion  
  36  3:21  Hellion  
  36  3:25  Supply Depot  
  40  3:27  SCV  
  40  3:30  SCV  
  40  3:33  Cloaking Field, Viking  
  44  3:39  SCV  
  45  3:42  SCV  
  45  3:47  Hellion x2  
  50  3:49  Supply Depot  
  48  3:55  SCV  
  48  3:56  SCV  
  48  3:58  Barracks Tech Lab  
  48  4:03  Banshee  
  48  4:08  SCV x2  
  48  4:09  Command Center  
  53  4:17  Marine  
  53  4:18  Stimpack, Supply Depot  
  53  4:20  SCV x2  
  56  4:27  Barracks x2  
  56  4:29  Factory Reactor  
  56  4:32  SCV x2  
  56  4:36  Marine  
  59  4:41  Supply Depot  
  59  4:44  SCV  
  59  4:45  SCV, Supply Depot  
  61  4:47  Banshee  
  64  4:54  Marine  
  64  4:57  SCV x2  
  64  4:58  Refinery  
  64  4:59  Refinery  
  67  5:01  Engineering Bay  
  67  5:03  Engineering Bay  
  67  5:10  SCV x2  
  67  5:12  Marine  
  70  5:17  Marine x2  
  72  5:21  Orbital Command  
  72  5:24  Marine x2, Barracks  
  72  5:25  Barracks  
  72  5:26  SCV x2  
  76  5:28  Terran Infantry Weapons Level 1  
  76  5:31  Terran Infantry Armor Level 1  
  76  5:34  Marine  
  76  5:35  Marine  
  78  5:38  Siege Tank  
  78  5:40  Marine, Starport Reactor  
  78  5:42  SCV x2  
  84  5:44  Marine x2  
  84  5:46  Orbital Command  
  86  5:51  Marine  
  86  5:54  SCV x2  
  89  5:57  Combat Shield  
  89  6:02  Supply Depot  
  89  6:03  Marine x4  
  93  6:06  SCV, Supply Depot  
  93  6:07  SCV  
  93  6:09  Marine  
  93  6:10  Siege Tank  
  99  6:14  Barracks Reactor  
  99  6:15  Barracks Reactor  
  99  6:17  SCV  
  101  6:18  SCV  
  101  6:24  SCV  
  101  6:25  Medivac x2  
  106  6:32  Supply Depot  
  106  6:33  SCV x2  
  106  6:36  SCV  
  106  6:39  Supply Depot  
  109  6:40  Command Center  
  109  6:41  Armory  
  109  6:45  Factory, SCV  
  110  6:49  SCV x2  
  110  6:53  Siege Tank  
  115  6:56  Marine x6  
  115  6:57  Marine x3, SCV  
  125  7:04  SCV x2  
  125  7:08  Supply Depot  
  127  7:09  SCV, Refinery x2  
  127  7:11  Medivac, Supply Depot  
  127  7:14  Marine, Medivac  
  133  7:29  SCV x3  
  136  7:34  Marine x2  
  136  7:35  Marine x4, Missile Turret  
  142  7:40  Siege Tank  
  142  7:41  Medivac  
  142  7:42  SCV x2  
  149  7:46  Supply Depot x2  
  149  7:50  Terran Infantry Armor Level 2  
  149  7:51  Marine x3, Medivac, SCV  
  149  7:52  Marine x3  
  158  8:00  Terran Infantry Weapons Level 2  
  158  8:01  SCV  
  158  8:02  SCV  
  158  8:03  SCV  
  161  8:09  Terran Vehicle Weapons Level 1  
  161  8:11  Factory Tech Lab  
  161  8:14  SCV x2  
  161  8:15  SCV  
  161  8:18  Barracks x3  
  164  8:24  Planetary Fortress  
  164  8:26  SCV x2  
  166  8:28  SCV  
  167  8:34  Marine  
  167  8:35  Marine x2, Siege Tank x2  
  167  8:39  Command Center  
  176  8:47  SCV x3, Supply Depot  
  176  8:48  Supply Depot x2  
  175  8:59  SCV x2  
  175  9:01  SCV  
  178  9:03  SCV  
  178  9:06  Sensor Tower  
  178  9:07  Sensor Tower, Command Center  
  178  9:09  Concussive Shells, Barracks Tech Lab x2  
  181  9:10  Marauder  
  180  9:17  Marine x2  
  180  9:18  Marine x2  
  180  9:20  Marine x2  
  186  9:27  Barracks Tech Lab  
  186  9:31  Command Center, Refinery  
  186  9:32  Siege Tank x2  
  192  9:40  Refinery  
  191  9:48  Ghost Academy  
  191  9:49  Factory x2, Command Center  
  191  9:50  Sensor Tower  
  186  9:54  SCV x3  
  186  9:58  SCV  
  189  10:05  Siege Tank x2  
  189  10:06  SCV  
  195  10:10  Planetary Fortress  
  195  10:16  Command Center  
  195  10:17  Infernal Pre-Igniter  
  195  10:19  Command Center, Terran Infantry Weapons Level 3  
  195  10:28  Terran Infantry Armor Level 3  
  184  10:37  Siege Tank  
  184  10:38  Marine x4  
  184  10:39  Marauder x2  
  184  10:42  Viking x2  
  163  10:43  Factory Tech Lab, Factory Reactor  
  160  10:57  Orbital Command  
  160  10:59  SCV x5  
  160  11:03  Missile Turret  
  165  11:06  Missile Turret  
  165  11:08  Refinery, Missile Turret  
  165  11:09  Hellbat x2  
  165  11:10  Terran Vehicle Weapons Level 2  
  165  11:11  Siege Tank  
  169  11:24  Sensor Tower  
  169  11:27  Command Center  
  169  11:30  Orbital Command x2, Siege Tank  
  169  11:31  Siege Tank  
  169  11:32  Hellbat x2  
  179  11:37  Smart Servos  
  179  11:43  Siege Tank, Refinery  
  179  11:44  Refinery  
  179  11:45  Factory  
  179  11:46  Armory  
  179  11:51  Liberator  
  179  11:53  Liberator  
  185  11:57  Command Center  
  185  12:06  Personal Cloaking  
  185  12:07  Ghost  
  187  12:10  Ghost, Missile Turret  
  189  12:16  Ghost  
  189  12:17  Missile Turret  
  191  12:26  Hellbat x2  
  195  12:30  Ghost  
  195  12:35  Orbital Command, Ghost  
  182  12:39  Ghost  
  182  12:40  Command Center  
  164  12:45  Ghost  
  158  12:51  Hellbat  
  158  12:52  Siege Tank  
  158  12:53  Hellbat x3  
  158  12:54  SCV x3  
  158  12:55  SCV x3  
  158  12:57  Planetary Fortress  
  173  12:59  Ghost  
  173  13:04  Ghost, SCV  
  178  13:06  SCV x3, Refinery  
  178  13:07  Ghost  
  185  13:13  Hellbat, Missile Turret  
  185  13:14  Terran Vehicle And Ship Armor Level 1  
  185  13:15  Command Center  
  185  13:16  Hellbat x3  
  185  13:18  Command Center  
  191  13:21  Liberator x2  
  191  13:25  Hellbat  
  191  13:26  Missile Turret  
  199  13:27  Factory Tech Lab  
  199  13:30  Sensor Tower  
  199  13:31  Neosteel Armor, Missile Turret  
  197  13:49  Orbital Command  
  197  13:54  Hellbat x2  
  156  14:06  SCV x3  
  156  14:07  SCV  
  156  14:08  Liberator x2  
  156  14:09  Siege Tank x2  
  177  14:10  Hellbat x2  
  177  14:13  Missile Turret  
  177  14:15  Missile Turret  
  177  14:16  Hellbat x2, Orbital Command  
  180  14:17  Sensor Tower  
  180  14:26  SCV x4  
  180  14:27  SCV x2  
  180  14:31  Siege Tank x2  
  163  14:38  SCV x2  
  163  14:41  SCV x3  
  170  14:45  Siege Tank x2  
  170  14:46  Hellbat x2  
  176  15:02  SCV x3  
  179  15:08  Sensor Tower  
  179  15:09  SCV x3  
  179  15:10  Missile Turret  
  182  15:25  SCV x3  
  182  15:26  SCV x2  
  183  15:28  Terran Vehicle And Ship Armor Level 2  
  183  15:29  Terran Vehicle Weapons Level 3, Hi-Sec Auto Tracking  
  183  15:34  Missile Turret  
  197  15:55  SCV x3  
  198  16:09  Thor x2  
  195  16:28  Planetary Fortress  
  195  16:43  Command Center  
  187  16:57  Ghost  
  187  16:58  Marine x4, Ghost x2  
  174  17:03  Thor x3  
  174  17:04  Hellbat x2  
  174  17:05  Liberator x2  
  194  17:17  Ghost  
  194  17:18  Marine x4  
  198  17:26  Ghost  
  180  17:43  Thor  
  184  17:46  Thor  
  188  17:53  Thor  
  192  18:13  Hellbat  
  192  18:14  Thor  
  192  18:15  Hellbat  
  192  18:19  Marine x2, Ghost x3  
  176  18:20  Marine x4  
  163  18:28  Hellbat  
  163  18:29  Hellbat, SCV  
  163  18:30  SCV  
  163  18:33  SCV x2  
  170  18:35  Hellbat  
  170  18:36  Hellbat x2  
  176  18:45  SCV x3  
  178  18:50  Hellbat  
  178  18:51  Hellbat, Orbital Command  
  182  18:56  Hellbat  
  182  18:57  SCV x4  
  182  18:58  SCV x2  
  187  19:25  Siege Tank x2  
  193  19:43  Terran Vehicle And Ship Armor Level 3  
  193  19:51  Hellbat x2  
  191  19:54  Supply Depot  
  191  19:58  Hellbat, Refinery  
  193  20:08  Siege Tank  
  193  20:11  Siege Tank  
  192  20:15  Siege Tank  
  192  20:18  Liberator x2  
  198  20:29  Orbital Command  
  149  20:51  Thor x2  
  149  20:52  Hellbat  
  155  21:00  Hellbat, Siege Tank x2  
  155  21:25  Orbital Command  
  155  21:32  Siege Tank, Thor  
  160  21:34  Siege Tank x2  
  160  21:37  Hellbat  
  166  21:47  Hellbat  
  168  21:55  SCV  
  168  21:56  SCV x2  
  168  21:58  Hellbat  
  168  22:01  SCV x3  
  176  22:10  Missile Turret  
  176  22:15  SCV x3  
  178  22:16  SCV x2  
  178  22:18  Command Center  
  178  22:20  Marine x2  
  174  22:28  SCV x3  
  175  22:36  SCV x3  
  172  22:43  Sensor Tower  
  172  22:44  SCV x3  
  173  22:50  Missile Turret  
  173  22:51  Missile Turret  
  173  22:58  Thor  
  179  23:01  Hellbat  
  179  23:02  Hellbat  
  183  23:18  Liberator x2  
  183  23:19  SCV x3  
  192  23:22  Sensor Tower  
  192  23:23  SCV  
  192  23:24  SCV, Missile Turret  
  185  23:42  Sensor Tower  
  185  23:45  Missile Turret  
  185  23:52  Thor x2  
  185  23:55  SCV x3  
  198  24:03  Planetary Fortress  
  198  24:11  Missile Turret  
  198  24:57  Ghost  
  198  24:58  Ghost x3  
  180  25:08  Hellbat x2, Thor x2  
  180  25:10  Refinery  
  180  25:11  Refinery  
  196  25:14  Hellbat x2, Refinery  
  196  25:15  Refinery  
  196  25:16  Missile Turret  
  192  25:44  Thor  
  195  26:04  Missile Turret  
  166  26:50  Thor x3  
  172  26:54  Hellbat  
  172  26:55  Hellbat x2  
  178  27:05  Liberator x2  
  177  27:16  Hellbat, Ghost x4  
  180  27:23  Marine x2  
  180  27:24  Marine x4  
  186  27:41  Thor x2  
  198  27:45  Ghost x2  
  193  27:53  Thor  
  193  27:57  Hellbat x2  
  200  28:26  Thor  
  196  28:28  Hellbat  
  196  28:29  Hellbat  
  196  28:30  Orbital Command  
  191  28:44  Ghost x2  
  189  28:56  Thor  
  189  28:57  Hellbat x2  
  196  29:14  Hellbat  
  196  29:15  Hellbat  
  190  29:39  Siege Tank x2  
  190  29:40  Hellbat x2  
  199  30:06  Ghost x2  
  199  30:07  Ghost  
  163  30:17  Thor x3  
  163  30:18  Hellbat x3, Ghost  
  163  30:19  Marine x8  
  159  30:30  Medivac  
  161  30:38  Medivac  
  161  30:39  Hellbat x2  
  161  30:40  Hellbat  
  169  30:49  Marine x6  
  174  30:50  Marine x2, Marauder  
  177  31:00  Hellbat, Medivac  
  177  31:01  Hellbat x5  
  191  31:21  Orbital Command  
  191  31:22  Hellbat x6  
  179  31:36  Ghost x3  
  179  31:37  Marine x4  
  189  31:43  Siege Tank, Hellbat x2  
  189  31:44  Hellbat x2  
  176  32:08  Orbital Command  
  176  32:12  Ghost  
  176  32:13  Ghost x3  
  153  32:29  Medivac  
  155  32:48  Medivac  
  157  32:57  Orbital Command  
  157  33:01  Orbital Command  
  157  33:02  Hellbat x3  
  163  33:09  Hellbat  
  160  33:13  Orbital Command  
  145  34:04  Hellbat x2  
  145  34:05  Hellbat x2  
  148  34:16  Orbital Command  
  134  34:39  Hellbat x3  
  82  35:00  Ghost  
  82  35:01  Marine x4  
  65  35:11  Marine x2, Hellbat  
  65  35:12  Marine  
  52  35:21  Marine x5  
Show
View Real Time Build Order
Export as new Build Order

Dark Zerg - Winner!

Build Orders: Hatch First 

Get SALT Encoding   

  12  0:00  Drone  
  13  0:12  Overlord  
  13  0:17  Drone  
  14  0:30  Drone x2  
  16  0:48  Hatchery  
  15  0:51  Drone  
  15  0:56  Drone  
  17  0:58  Drone  
  18  1:12  Extractor  
  18  1:13  Spawning Pool  
  18  1:16  Drone  
  17  1:19  Drone  
  18  1:28  Drone  
  19  1:40  Drone  
  20  1:49  Drone  
  21  2:00  Queen x2  
  25  2:02  Drone  
  25  2:03  Zergling x2  
  27  2:10  Overlord  
  27  2:11  Drone  
  28  2:21  Hatchery  
  27  2:28  Drone  
  27  2:29  Drone  
  29  2:35  Drone, Queen  
  32  2:42  Overlord  
  32  2:47  Queen  
  32  2:50  Drone  
  35  2:52  Drone  
  35  2:56  Metabolic Boost  
  36  3:02  Drone  
  36  3:04  Drone  
  38  3:09  Drone x2  
  38  3:11  Queen  
  41  3:17  Overlord  
  41  3:18  Drone  
  41  3:19  Drone  
  43  3:34  Roach Warren  
  42  3:35  Zergling x4  
  42  3:36  Zergling x4  
  42  3:37  Drone x2  
  42  3:39  Drone  
  42  3:40  Drone  
  50  3:42  Extractor  
  50  3:43  Drone  
  50  3:44  Extractor  
  50  3:47  Drone  
  50  3:48  Drone  
  49  3:56  Drone x3  
  49  3:57  Drone  
  49  3:59  Drone  
  55  4:06  Drone  
  55  4:08  Overlord  
  57  4:12  Overlord  
  57  4:15  Overlord  
  57  4:18  Overlord  
  57  4:23  Overlord x2  
  57  4:26  Baneling Nest, Queen  
  57  4:30  Queen  
  57  4:31  Drone x3  
  63  4:33  Drone x2  
  65  4:38  Zergling x2  
  65  4:39  Zergling x4  
  65  4:41  Drone x2  
  65  4:44  Drone  
  70  4:51  Hatchery  
  69  4:54  Drone x4  
  69  4:57  Spore Crawler  
  69  4:59  Spore Crawler  
  71  5:01  Drone x2  
  73  5:07  Lair  
  73  5:09  Drone x3  
  73  5:10  Extractor, Drone  
  73  5:11  Extractor  
  73  5:12  Drone  
  77  5:14  Drone x2  
  77  5:15  Drone  
  77  5:17  Spore Crawler  
  77  5:19  Drone  
  77  5:20  Drone  
  80  5:21  Drone  
  80  5:24  Evolution Chamber  
  80  5:26  Drone  
  80  5:27  Evolution Chamber  
  80  5:28  Drone  
  80  5:31  Drone x3  
  80  5:34  Drone  
  85  5:38  Drone x4  
  85  5:41  Drone  
  90  5:44  Extractor  
  90  5:45  Extractor  
  90  5:48  Hatchery  
  87  5:53  Zerg Melee Weapons Level 1, Zerg Ground Armor Level 1  
  87  5:54  Drone x4  
  91  6:01  Zergling x2  
  91  6:02  Zergling x8  
  96  6:06  Centrifugal Hooks  
  96  6:09  Zergling x12  
  96  6:10  Zergling x2  
  96  6:11  Zergling x2  
  104  6:16  Overseer  
  104  6:18  Overlord  
  104  6:20  Overlord  
  104  6:22  Overlord  
  104  6:29  Hatchery  
  104  6:30  Drone x2  
  104  6:31  Spore Crawler  
  104  6:32  Drone  
  104  6:39  Drone x9  
  113  6:44  Drone  
  113  6:45  Infestation Pit, Zergling x4  
  113  6:46  Drone  
  116  6:53  Zergling x12  
  122  7:00  Zergling x6  
  125  7:05  Zergling x10  
  129  7:08  Baneling  
  129  7:09  Baneling x8  
  129  7:11  Baneling x4  
  129  7:12  Baneling  
  129  7:15  Zergling x8  
  133  7:21  Overlord x2, Hatchery  
  132  7:25  Overlord  
  132  7:27  Overlord  
  132  7:31  Overlord  
  131  7:37  Hive  
  130  7:45  Drone  
  130  7:46  Drone x6  
  130  7:47  Zergling x30  
  130  7:50  Zerg Melee Weapons Level 2, Zerg Ground Armor Level 2  
  150  7:53  Baneling x7  
  150  7:57  Overlord x2  
  151  8:05  Zergling x20  
  151  8:12  Overlord  
  160  8:13  Zergling x16  
  160  8:15  Spore Crawler  
  167  8:22  Baneling x2, Hatchery  
  167  8:28  Drone  
  168  8:34  Zergling x12  
  174  8:44  Drone  
  175  8:48  Viper x3  
  175  8:49  Adrenal Glands  
  175  8:52  Zergling x34  
  192  8:57  Zergling x6  
  192  9:02  Hatchery  
  194  9:04  Zergling x4  
  196  9:11  Ultralisk Cavern  
  196  9:14  Burrow  
  194  9:21  Spore Crawler  
  193  9:24  Zergling x2  
  193  9:25  Zergling x10  
  193  9:29  Drone  
  197  9:47  Drone x2  
  197  9:50  Zergling x6  
  199  9:54  Hatchery  
  199  9:56  Zergling x2  
  196  10:07  Zergling x8  
  196  10:10  Zergling x4  
  199  10:14  Chitinous Plating  
  199  10:23  Baneling x2  
  199  10:25  Baneling x2  
  132  10:43  Ultralisk x3  
  132  10:46  Drone  
  132  10:47  Drone x3  
  132  10:48  Drone x4  
  142  10:50  Zergling x22  
  142  10:51  Zergling x28  
  142  10:55  Drone x2, Spore Crawler  
  167  11:00  Ultralisk  
  172  11:06  Zergling x2  
  172  11:07  Zerg Melee Weapons Level 3, Zergling x4  
  172  11:09  Extractor, Drone x12  
  172  11:10  Extractor  
  183  11:13  Nydus Network  
  183  11:15  Zergling x12  
  188  11:22  Zerg Ground Armor Level 3  
  188  11:23  Spine Crawler  
  186  11:31  Zergling x30  
  200  11:33  Anabolic Synthesis  
  200  11:36  Pathogen Glands  
  200  11:39  Extractor x2  
  198  11:40  Baneling  
  198  11:41  Baneling x4  
  198  11:42  Drone  
  198  11:43  Zergling x2  
  200  11:51  Spire  
  199  11:58  Baneling x3  
  199  12:02  Baneling x3  
  199  12:06  Zergling x2  
  200  12:10  Baneling x2  
  167  12:41  Ultralisk x4  
  167  12:42  Zergling x40  
  186  12:45  Zergling x40  
  186  12:49  Zergling x2  
  186  12:50  Zergling x2  
  182  12:56  Zergling x32  
  197  13:00  Zergling x2  
  197  13:01  Drone  
  197  13:02  Hatchery  
  197  13:04  Zergling x2  
  199  13:06  Baneling x11  
  199  13:07  Baneling x9  
  199  13:08  Baneling x6  
  199  13:09  Baneling x3  
  199  13:12  Baneling x2  
  199  13:13  Baneling x2  
  199  13:18  Baneling x2  
  199  13:23  Overseer  
  199  13:25  Baneling  
  199  13:26  Baneling x4  
  197  13:42  Zergling x4  
  197  13:43  Zergling x2  
  197  13:46  Zergling x4  
  197  13:47  Zergling x8  
  158  13:59  Zergling x82  
  177  14:03  Greater Spire  
  177  14:04  Zergling x6  
  178  14:14  Hatchery  
  178  14:16  Spire  
  176  14:18  Zergling x18  
  176  14:19  Zergling x14  
  185  14:35  Pneumatized Carapace  
  165  14:41  Zergling x16  
  165  14:45  Swarm Host  
  173  14:47  Infestor x4  
  173  14:49  Zergling x32  
  173  14:50  Zergling x10  
  182  15:01  Zergling x14  
  182  15:05  Baneling x2  
  182  15:07  Baneling  
  179  15:09  Extractor x2  
  179  15:10  Baneling x2  
  175  15:15  Spore Crawler  
  175  15:16  Spore Crawler  
  175  15:17  Spore Crawler  
  175  15:18  Spore Crawler x3  
  175  15:20  Corruptor x10  
  189  15:21  Zerg Flyer Weapons Level 1  
  189  15:26  Drone  
  189  15:27  Extractor x2  
  187  15:31  Spine Crawler  
  187  15:32  Zerg Missile Weapons Level 1, Spine Crawler  
  187  15:34  Neural Parasite, Zerg Flyer Armor Level 1  
  185  15:38  Baneling x16  
  179  16:02  Zergling x2  
  179  16:03  Zergling x32  
  170  16:07  Brood Lord x8  
  186  16:12  Brood Lord  
  186  16:16  Brood Lord  
  190  16:19  Zergling x20  
  197  16:26  Baneling x14  
  196  16:35  Baneling x2  
  196  16:36  Baneling  
  196  16:39  Drone  
  197  16:43  Baneling x5  
  182  17:05  Ultralisk x4, Zergling x4  
  182  17:06  Zergling x6  
  195  17:16  Zergling x8  
  195  17:34  Zergling x44  
  195  17:37  Zergling x12  
  199  17:38  Baneling x6  
  199  17:40  Zergling x2  
  199  17:41  Zergling x2  
  194  17:45  Infestor  
  194  17:47  Zerg Missile Weapons Level 2, Zergling x2  
  194  17:48  Zerg Flyer Armor Level 2, Zerg Flyer Weapons Level 2  
  197  17:51  Zergling x2  
  197  17:52  Zergling x2  
  197  17:53  Zergling x2  
  197  17:54  Baneling x6  
  164  18:21  Ultralisk x2  
  164  18:22  Ultralisk, Zergling x46  
  164  18:26  Zergling x2  
  190  18:44  Infestor  
  192  18:51  Baneling x26  
  192  18:52  Zergling x2  
  192  18:53  Drone  
  192  18:54  Drone x4, Zergling x2  
  199  19:01  Zergling x2  
  199  19:02  Zergling x4  
  200  19:05  Baneling x2  
  193  19:17  Zergling x6  
  193  19:18  Zergling x4  
  193  19:23  Zergling x14  
  199  19:32  Extractor x2  
  199  19:37  Infestor  
  191  19:58  Infestor x2  
  191  19:59  Infestor x2  
  190  20:17  Baneling x3  
  189  20:26  Infestor  
  173  20:36  Ultralisk x3  
  173  20:40  Zergling x58  
  189  20:45  Ultralisk  
  190  20:52  Zergling x6  
  190  20:53  Zergling x10  
  190  20:54  Zergling x6  
  185  21:06  Corruptor x4  
  185  21:10  Baneling x13  
  185  21:11  Baneling x2  
  193  21:12  Corruptor  
  193  21:29  Zergling x18  
  193  21:31  Infestor  
  186  21:34  Zergling x28  
  200  21:47  Zerg Flyer Armor Level 3, Zerg Flyer Weapons Level 3  
  199  22:00  Baneling x5  
  199  22:01  Baneling  
  199  22:02  Baneling x3  
  199  22:12  Extractor, Drone  
  199  22:15  Spore Crawler  
  198  22:21  Hatchery  
  173  22:33  Corruptor x4  
  173  22:34  Corruptor x2  
  160  22:45  Extractor  
  160  22:49  Viper x3  
  168  22:51  Corruptor x2  
  168  22:52  Corruptor x2  
  168  22:53  Infestor x7  
  168  22:55  Brood Lord  
  168  22:56  Brood Lord x3  
  198  23:02  Spore Crawler  
  198  23:03  Brood Lord  
  199  23:08  Overseer  
  191  23:40  Brood Lord x5  
  199  23:41  Spore Crawler  
  199  23:44  Brood Lord  
  200  24:00  Overseer  
  200  24:23  Spore Crawler  
  199  24:24  Spore Crawler  
  199  24:25  Spore Crawler  
  199  24:26  Spore Crawler x2  
  199  24:27  Brood Lord x3, Spore Crawler  
  199  24:30  Spore Crawler  
  198  24:31  Brood Lord  
  196  24:40  Overseer x11  
  196  24:41  Overlord  
  196  24:44  Drone x4  
  194  25:10  Spore Crawler  
  193  25:16  Drone x4  
  193  25:17  Drone  
  195  25:24  Drone  
  196  25:29  Drone  
  195  25:58  Drone  
  195  25:59  Drone x4, Spine Crawler  
  195  26:00  Spine Crawler x2  
  195  26:01  Spine Crawler  
  195  26:02  Infestor x2  
  195  26:03  Spine Crawler  
  199  26:07  Spine Crawler  
  198  26:11  Drone, Spore Crawler  
  198  26:12  Spore Crawler  
  198  26:15  Zerg Missile Weapons Level 3  
  197  26:29  Infestor x5  
  193  26:45  Corruptor x4  
  183  26:50  Zergling x14  
  183  26:51  Zergling x6  
  183  26:54  Infestor x6  
  187  26:59  Extractor  
  187  27:00  Extractor  
  191  27:01  Zergling x2  
  191  27:02  Zergling x14  
  191  27:03  Zergling x2  
  200  27:28  Spine Crawler  
  200  27:29  Baneling x13  
  198  28:00  Overlord x2  
  198  28:15  Overlord x2  
  197  28:27  Brood Lord x4  
  193  28:44  Zergling x14  
  200  28:49  Overlord  
  191  29:09  Zergling x18  
  200  29:12  Baneling x14  
  200  29:37  Baneling x9  
  200  29:38  Baneling x6  
  191  30:13  Zergling x2  
  160  30:15  Infestor x13  
  160  30:17  Ultralisk x11, Zergling x6  
  160  30:18  Zergling x8  
  200  30:40  Baneling x16  
  200  30:54  Zergling x2  
  200  30:55  Zergling x2  
  200  30:58  Zergling x2  
  200  31:14  Baneling  
  200  31:15  Baneling  
  189  31:29  Zergling x2  
  186  31:40  Zergling x26  
  199  32:01  Zergling x18  
  191  32:05  Infestor x9  
  191  32:06  Infestor x3  
  191  32:07  Zergling x16  
  191  32:08  Zergling x16  
  200  32:11  Zergling x2  
  181  32:32  Corruptor x3  
  181  32:33  Corruptor x4  
  189  32:40  Infestor x2  
  189  32:43  Baneling x29  
  193  32:47  Hatchery  
  192  32:56  Spore Crawler  
  192  32:57  Spore Crawler x2  
  192  32:58  Spore Crawler  
  182  33:08  Brood Lord x2  
  182  33:10  Spore Crawler  
  179  33:17  Brood Lord x5  
  181  33:24  Zergling x40  
  200  33:28  Spore Crawler  
  192  34:05  Zergling x8  
  192  34:06  Zergling x6  
  195  34:14  Hatchery  
  193  34:27  Zergling x6  
  193  34:39  Infestor x4  
  193  34:40  Infestor x4  
  132  35:02  Overseer x10  
  132  35:06  Zergling x6  
  132  35:07  Zergling x6  
  136  35:10  Zergling x32  
  142  35:22  Zergling x12  
  150  35:34  Extractor  

Tags
 
Add a new tag
Caveats
  • Supply blocks, unpowered buildings, or Contaminate may cause inaccurate times.
  • Supply counts are checked every 10 seconds.